 Seeded DCSS version 0.29-a0-350-g7790a0e70a (webtiles) character file.

Game seed: 7774103814747607012 (custom seed)

914 zeratav the Changer (level 8, -4/96 HPs)
             Began as a Naga Transmuter on Apr 22, 2022.
             Was a Follower of Cheibriados.
             Slain by a gnoll sergeant
             ... wielding a +0 spear
              (7 damage)
             ... on level 5 of the Dungeon.
             The game lasted 00:10:27 (5272 turns).

zeratav the Changer (Naga Transmuter)               Turns: 5272, Time: 00:10:28

Health: -4/96      AC: 24    Str: 17    XL:     8   Next: 9%
Magic:  6/11       EV:  1    Int: 24    God:    Cheibriados [*.....]
Gold:   264        SH:  0    Dex: 20    Spells: 6/11 levels left

rFire   . . .      SeeInvis +   d - +8 short sword "Kuakk" {venom, +Blink Will+ Int+3, short}
rCold   . . .      Faith    .   (no shield)
rNeg    . . .      Spirit   .   (body armour currently unavailable)
rPois   +          Reflect  .   (helmet currently unavailable)
rElec   .          Harm     .   (cloak currently unavailable)
rCorr   .          Rampage  .   (gloves currently unavailable)
Will    ++...      NoTele   +   (no barding)
Stlth   ++........              (no amulet)
HPRegen 0.26/turn               t - +6 ring of dexterity
MPRegen 0.12/turn               y - +6 ring of intelligence

@: tree-form, very slow
A: stationary, stasis, torment immunity, boosted hp, AC +2, large, see
invisible, (deformed body), (poison resistance), (slowness 2), spit poison 1,
(naga tail 1)
a: Spit Poison, Renounce Religion, Evoke Blink, Bend Time


You were on level 5 of the Dungeon.
You worshipped Cheibriados.
Cheibriados was aware of your devotion.
You were a tree.
You visited 1 branch of the dungeon, and saw 5 of its levels.

You collected 264 gold pieces.


Innate Abilities, Weirdness & Mutations

You are a tree.
Your roots penetrate the ground, keeping you stationary.
You cannot be teleported.
You are immune to unholy pain and torment.
Your maximum health is greatly increased.
Your equipment is partially melded.
((Your serpentine skin is tough. (AC +2)))
You have supernaturally acute eyesight. (SInv)
((Armour fits poorly on your strangely shaped body.))
((Your system is resistant to poisons. (rPois)))
((You cover ground very slowly.))
You can spit poison.
((You have a snake-like lower body.))


   Skills:
 - Level 1.0 Fighting
 - Level 1.5 Dodging
 - Level 3.0 Unarmed Combat
 - Level 2.0 Spellcasting
 * Level 7.6 Transmutations
 + Level 4.9 Ice Magic


You had 6 spell levels left.
You knew the following spells:

 Your Spells              Type           Power      Damage    Failure   Level
a - Beastly Appendage     Tmut           78%        N/A       1%          1
b - Ice Form              Ice/Tmut       32%        N/A       9%          4

Your spell library contained the following spells:

 Spells                   Type           Power      Damage    Failure   Level
 Wereblood                Tmut           39%        N/A       1%          2
 Spider Form              Tmut/Pois      20%        N/A       8%          3

Inventory:

Hand Weapons
 d - the +8 short sword "Kuakk" (weapon) {venom, +Blink Will+ Int+3, short}
   (You found it on level 4 of the Dungeon)

   It poisons the flesh of those it strikes.
   Int:       It affects your intelligence (+3).
   +Blink:    It lets you blink.
   Will:      It increases your willpower.
 u - the +5 falchion of the Endless Expanse {freeze, rElec Int-4 SInv, long}
   (You found it on level 3 of the Dungeon)

   It freezes those it strikes, dealing additional cold damage.
   It can also slow down cold-blooded creatures.
   Int:       It affects your intelligence (-4).
   rElec:     It insulates you from electricity.
   SInv:      It lets you see invisible.
Armour
 x - a scarf of invisibility
   (You found it on level 3 of the Dungeon)
 z - a +0 plate armour
   (You found it on level 4 of the Dungeon)
 A - a +0 scale mail (melded)
   (You took it off a gnoll on level 4 of the Dungeon)
 G - a +0 cloak (melded)
   (You found it on level 4 of the Dungeon)
Jewellery
 t - a +6 ring of dexterity (left branch)
   (You found it on level 3 of the Dungeon)
 y - a +6 ring of intelligence (right branch)
   (You found it on level 3 of the Dungeon)
Wands
 a - a wand of digging (5)
   (You found it on level 4 of the Dungeon)
 o - a wand of polymorph (7)
   (You found it on level 2 of the Dungeon)
 s - a wand of acid (6)
   (You took it off a hobgoblin on level 3 of the Dungeon)
Scrolls
 e - a scroll of magic mapping {unknown}
 g - a scroll of immolation {unknown}
 h - 2 scrolls of teleportation {@r4}
 n - 2 scrolls of enchant armour {unknown}
 C - a scroll of silence {unknown}
 D - a scroll of enchant weapon {unknown}
 E - a scroll of vulnerability {unknown}
Potions
 b - a potion of lignification {!q}
 p - a potion of might
 F - a potion of heal wounds {unknown}

Dungeon Overview and Level Annotations

Branches:
Dungeon (5/15)
 Temple: D:4-7

Altars:
Ashenzari
Cheibriados
Elyvilon
Hepliaklqana
Kikubaaqudgha
Okawaru
Ru
Uskayaw

Shops:
D:2 ( D:5

( .......)######
.......).....#
.............#
.........§§§§#
.........§§§§#
...###++##§§§# ..#
##§§# .... #g.# .#
....# #♣.# <..
#..# #..#
...###.## ##.##
........## ##..#
...#.....#####...#
...##............#
...#.........###.#
.......##........#
.......###...#####


You could see a gnoll sergeant (extremely poisoned).


Message History

You kill the gnoll sergeant!
Cheibriados thoroughly appreciates the change of pace.
You feel sick.
The gnoll shaman hits you with a +0 whip.
* * * LOW HITPOINT WARNING * * *
You have reached level 8!
You feel stronger.
HP[-3]
You now have 76 max hp (+8).
The hound barks!
You hit the gnoll shaman. You freeze the gnoll shaman.
You feel sick. The gnoll shaman barely misses you.
HP[-1]
You take 1 damage, and now have 12/76 hp.
You hit the gnoll shaman. You freeze the gnoll shaman.
You kill the gnoll shaman!
Cheibriados appreciates the change of pace.
You feel sick.
HP[-1]
You take 1 damage, and now have 11/76 hp.
You feel better.
A hound comes into view.
HP[+6]
You regained 6 hp, and now have 17/76 hp.
HP[+1]
You punch the hound! You freeze the hound. The hound bites you.
* * * LOW HITPOINT WARNING * * *
The hound bites you but does no damage.
HP[-2]
You take 2 damage, and now have 16/76 hp.
You punch the hound! You freeze the hound.
You kill the hound!
Cheibriados thoroughly appreciates the change of pace.
The gnoll sergeant hits you from afar with a +0 spear.
* * * LOW HITPOINT WARNING * * *
HP[-4] MP[+1]
You take 4 damage, and now have 12/76 hp.
HP[+1]
The gnoll sergeant hits you from afar with a +0 spear.
* * * LOW HITPOINT WARNING * * *
The gnoll sergeant hits you from afar with a +0 spear.
* * * LOW HITPOINT WARNING * * *
Things that are here:
a +0 halberd {polearm}; a +0 spear {polearm}; a gnoll skeleton HP[-5]
You take 5 damage, and now have 8/76 hp.
As you read the scroll of fog, it crumbles to dust.
The scroll dissolves into smoke.
The gnoll sergeant hits you from afar with a +0 spear.
* * * LOW HITPOINT WARNING * * *
HP[-5]
You take 5 damage, and now have 3/76 hp.
HP[+1]
The gnoll sergeant barely misses you.
You see here a black bear skeleton.
MP[+1]
You feel better. The gnoll sergeant barely misses you.
HP[+7]
You regained 7 hp, and now have 11/76 hp.
The gnoll sergeant misses you.
The gnoll sergeant hits you with a +0 spear.
* * * LOW HITPOINT WARNING * * *
You see here a black bear skeleton.
HP[-2]
You take 2 damage, and now have 9/76 hp.
Really quaff the potion of lignification?
You warm up again.
The +8 short sword "Kuakk" {venom, +Blink Will+ Int+3, short} unmelds from your body.
Your +0 cloak unmelds from your body.
Your +0 scale mail unmelds from your body.
The +8 short sword "Kuakk" {venom, +Blink Will+ Int+3, short} begins to drip with poison!
You turn into a tree.
Your +0 cloak melds into your body.
Your +0 scale mail melds into your body.
Your roots penetrate the ground.
The gnoll sergeant hits you with a +0 spear.
* * * LOW HITPOINT WARNING * * *
HP[+1]
You now have 96 max hp (+20).
You hit the gnoll sergeant but do no damage.
The gnoll sergeant is poisoned.
The gnoll sergeant hits you but does no damage.
You hit the gnoll sergeant.
The gnoll sergeant looks as sick as possible!
The gnoll sergeant hits you with a +0 spear.
* * * LOW HITPOINT WARNING * * *
Your magical contamination has completely faded away.
HP[-5]
You take 5 damage, and now have 5/96 hp.
You hit the gnoll sergeant but do no damage.
The gnoll sergeant looks as sick as possible!
The gnoll sergeant hits you with a +0 spear.
* * * LOW HITPOINT WARNING * * *
HP[-2]
You take 2 damage, and now have 3/96 hp.
You closely miss the gnoll sergeant.
The gnoll sergeant hits you but does no damage.
MP[+1]
The gnoll sergeant blocks your attack.
The gnoll sergeant hits you with a +0 spear!
You die...

Skill      XL: |  1  2  3  4  5  6  7 |
---------------+----------------------+-----
Ice Magic      | 1 2 3 4 |  4.9
Transmutations | 3 4 5 6 7 |  7.6
Fighting       | |  1.0
Dodging        | |  1.5
Unarmed Combat | |  3.0
Spellcasting   | |  2.0

Action                   |  1- 3 |  4- 6 |  7- 9 || total
-------------------------+-------+-------+-------++-------
Melee: Unarmed           |    15 |     2 |    34 ||    51
       Rapier            |    97 |     7 |       ||   104
       Punch             |     2 |     3 |       ||     5
       Headbutt          |     2 |       |       ||     2
       Falchion          |       |    53 |       ||    53
       Short sword       |       |    17 |    30 ||    47
 Cast: Beastly Appendage |     1 |       |       ||     1
       Ice Form          |       |     1 |     4 ||     5
 Abil: Spit Poison       |    17 |    16 |     1 ||    34
  Use: Potion            |       |     1 |     3 ||     4
       Scroll            |       |     4 |     1 ||     5
Armor: Robe              |     6 |       |       ||     6
       Leather armour    |    10 |       |       ||    10
       Ring mail         |     8 |     7 |       ||    15
       Skin              |       |    15 |    25 ||    40
       Scale mail        |       |    21 |    19 ||    40
Dodge: Dodged            |    59 |    40 |    39 ||   138

Levels and vault maps discovered:
D:1:      tarquinn_simple_flora_water_d, layout_basic,
          hellmonk_ecumenical_altar_lost_god
D:2:      layout_basic, serial_shops,
          nicolae_shop_temple_entry_statues_fountains
D:3:      layout_rooms, kennysheep_generic_room_13
D:4:      layout_loops_ring, grunt_temple_overflow_open,
          worldfamousw_hep_ancestral_shrine
D:5:      layout_cave_pools, lemuel_temple_firewalk_b, serial_gnoll_camp,
          gnoll_camp_huts_basic, grums_kennel, gnoll_camp_mini_house,
          gnoll_camp_mini_shop, gnoll_camp_mini_hut, uniq_menkaure, uniq_ijyb

Notes
Turn   | Place    | Note
-------+----------+-------------------------------------------
     0 | D:1      | zeratav the Naga Transmuter began the quest for the Orb.
     0 | D:1      | Reached XP level 1. HP: 18/18 MP: 3/3
     0 | D:1      | magus.rc [v1.9.6]
    14 | D:1      | HP: 4/18 [frozen (4)]
   595 | D:1      | Reached XP level 2. HP: 13/25 MP: 5/5
   875 | D:1      | HP: 5/25 [goblin/+0 club (4)]
  1163 | D:1      | Found a faded altar of an unknown god.
  1249 | D:1      | Reached skill level 1 in Ice Magic
  1410 | D:1      | Reached skill level 3 in Transmutations
  1412 | D:1      | Reached XP level 3. HP: 31/31 MP: 6/6
  1501 | D:2      | Found Joxaot's Weapon Shop.
  1529 | D:2      | HP: 7/31 [frozen (2)]
  2197 | D:3      | Reached XP level 4. HP: 23/38 MP: 7/7
  2329 | D:3      | Identified the +5 falchion of the Endless Expanse {freeze,
                  | rElec Int-4 SInv}
  2698 | D:3      | Reached skill level 2 in Ice Magic
  2924 | D:3      | Reached skill level 4 in Transmutations
  3033 | D:4      | Reached XP level 5. HP: 31/44 MP: 8/8
  3241 | D:4      | Found a snail-covered altar of Cheibriados.
  3242 | D:4      | Found an iron altar of Okawaru.
  3260 | D:4      | HP: 16/66 [hobgoblin/+0 falchion (2)]
  3372 | D:4      | Found a white marble altar of Elyvilon.
  3374 | D:4      | Found an ancient bone altar of Kikubaaqudgha.
  3374 | D:4      | Found a hide-covered altar of Uskayaw.
  3374 | D:4      | Found a sacrificial altar of Ru.
  3374 | D:4      | Found a broken altar of Ashenzari.
  3542 | D:4      | Became a worshipper of Cheibriados the Contemplative
  3783 | D:4      | Noticed a water moccasin
  3843 | D:4      | Noticed a water moccasin
  3850 | D:4      | Killed a water moccasin
  3851 | D:4      | Reached skill level 5 in Transmutations
  3851 | D:4      | Reached skill level 3 in Ice Magic
  3851 | D:4      | Reached XP level 6. HP: 29/51 MP: 9/9
  4026 | D:4      | Found a hazy altar of Hepliaklqana.
  4131 | D:4      | Identified the +8 short sword "Kuakk" {venom, +Blink Will+
                  | Int+3}
  4239 | D:5      | Entered Level 5 of the Dungeon
  4520 | D:5      | Learned a level 4 spell: Ice Form
  4527 | D:5      | Reached skill level 6 in Transmutations
  4527 | D:5      | Reached XP level 7. HP: 57/57 MP: 1/10
  4590 | D:5      | Reached skill level 4 in Ice Magic
  4654 | D:5      | Found Junneyfi's Antique Weapon Shoppe.
  5013 | D:5      | Reached skill level 7 in Transmutations
  5022 | D:5      | Reached * piety under Cheibriados
  5249 | D:5      | HP: 16/68 [poisoned by a gnoll sergeant]
  5251 | D:5      | Reached XP level 8. HP: 13/64 MP: 3/11
  5256 | D:5      | HP: 16/76 [hound (2)]
  5260 | D:5      | HP: 3/76 [gnoll sergeant/+0 spear (5)]
  5266 | D:5      | HP: 9/76 [gnoll sergeant/+0 spear (2)]
  5270 | D:5      | HP: 3/96 [gnoll sergeant/+0 spear (3)]
  5272 | D:5      | Slain by a gnoll sergeant

Vanquished Creatures
  A water moccasin (D:4)
  A black bear (D:5)
  2 gnoll sergeants (D:5)
  2 scorpions
  A jelly (D:5)
  6 hounds
  A gnoll shaman (D:5)
  11 gnolls
  6 adders
  An ufetubus (D:5)
  3 worms
  A dart slug (D:3)
  2 orcs
  6 endoplasms
  2 giant cockroaches (D:1)
  3 goblins
  7 hobgoblins
  4 jackals
  A quokka (D:4)
  5 ball pythons
  4 bats
  3 frilled lizards
  9 kobolds
  8 rats
90 creatures vanquished.

Table legend:
 A = Non-vault XP
 B = Vault XP
 C = Vault XP percentage of total XP
 D = Non-vault monster count
 E = Vault monster count
 F = Vault count percentage of total count
                 A         B        C        D         E       F
            +---------+---------+-------+---------+---------+-------
      Total |     721 |     586 |  44.8 |      71 |      19 |  21.1
            +---------+---------+-------+---------+---------+-------
        D:1 |      47 |       0 |   0.0 |      22 |       0 |   0.0
        D:2 |      23 |       0 |   0.0 |      15 |       0 |   0.0
        D:3 |      65 |       4 |   5.8 |      14 |       1 |   6.7
        D:4 |     287 |      43 |  13.0 |      13 |       1 |   7.1
        D:5 |     299 |     539 |  64.3 |       7 |      17 |  70.8
            +---------+---------+-------+---------+---------+-------

Illustrated notes

Table legend:
 A = Kills in this place as a percentage of kills in entire the game.
 B = Kills by you in this place as a percentage of kills by you in the entire game.
 C = Kills by friends in this place as a percentage of kills by friends in the entire game.
 D = Other kills in this place as a percentage of other kills in the entire game.
 E = Experience gained in this place as a percentage of experience gained in the entire game.
 F = Experience gained in this place divided by the number of levels of this place that you have seen.
                   A       B       C       D       E      F
               +-------+-------+-------+-------+-------+----------------------
         Total | 100.0 | 100.0 |   N/A |   N/A | 100.0 | 261.4
       Dungeon | 100.0 | 100.0 |   N/A |   N/A | 100.0 | 261.4
               +-------+-------+-------+-------+-------+----------------------

Table legend: (Time is in decaauts)
 A = Elapsed time spent in this place.
 B = Non-inter-level travel time spent in this place.
 C = Inter-level travel time spent in this place.
 D = Time resting spent in this place.
 E = Time spent auto-exploring this place.
 F = Levels seen in this place.
 G = Mean time per level.
                   A        B        C        D        E       F      G
               +--------+--------+--------+--------+--------+-----+--------+
         Total |   6251 |   6145 |    106 |   2529 |   2507 |   5 | 1250.2 |
       Dungeon |   6251 |   6145 |    106 |   2529 |   2507 |   5 | 1250.2 |
               +--------+--------+--------+--------+--------+-----+--------+

Top non-repeatable levels by time:
     D:4: 1951 daAuts
     D:1: 1918 daAuts
     D:3: 979 daAuts
     D:5: 909 daAuts
     D:2: 493 daAuts
